 Dungeon Sprint DCSS version 0.20-a0-1124-g2e29d97 (webtiles) character file.

4498 potatolord6000 the Fighter (level 10, -3/111 HPs)
             Began as a Naga Fighter on May 15, 2017.
             Was an Initiate of Gozag.
             Slain by a spiny frog (6 damage)
             ... in the Dungeon (Sprint IX: "|||||||||||||||||||||||||||||") on May 16, 2017.
             The game lasted 00:06:31 (1147 turns).

potatolord6000 the Fighter (Naga Fighter)           Turns: 1147, Time: 00:06:33

Health: -3/111     AC: 20    Str: 21    XL:     10   Next: 38%
Magic:  10/10      EV:  7    Int: 13    God:    Gozag
Gold:   355        SH:  0    Dex: 14    Spells: 9/9 levels left

rFire    + . .     SeeInvis +   n - +4 halberd (venom)
rCold    . . .     Gourm    .   (shield currently unavailable)
rNeg     . . .     Faith    .   p - +3 plate armour {rF+}
rPois    +         Spirit   .   a - +0 helmet
rElec    .         Reflect  .   g - +1 cloak of the Tired Cities {Int+4}
rCorr    .         Harm     .   (no gloves)
MR       +....     NoTele   +   (no barding)
Stlth    ..........             (no amulet)
Regen    0.3/turn               b - +2 ring of evasion
MPRegen  0.2/turn               o - +3 ring of dexterity

@: lethally poisoned (-3 -> -4), gold aura, slowed, very slow
A: see invisible, deformed body, poison resistance, slowness 2, slow metabolism
1, spit poison 1, AC +3
a: Spit Poison, Potion Petition, Call Merchant, Bribe Branch, Renounce Religion


You were in the Dungeon.
You worshipped Gozag.
Gozag was aware of your devotion.
You were not hungry.

You visited 1 branch You collected 2252 gold pieces.
You spent 1171 gold pieces at shops.
You paid 726 gold pieces to Gozag.

Inventory:

Hand Weapons
 n - a +4 halberd of venom (weapon)
Armour
 a - a +0 helmet (worn)
 g - the +1 cloak of the Tired Cities (worn) {Int+4}
   (You bought it in a shop in the Dungeon)

   It affects your intelligence (+4).
 p - a +3 plate armour of fire resistance (worn)
Jewellery
 b - a +2 ring of evasion (left hand)
 o - a +3 ring of dexterity (right hand)
Scrolls
 h - 3 scrolls of remove curse
 k - 2 scrolls of blinking
 l - 2 scrolls of amnesia
 r - a scroll of enchant armour
 t - a scroll of fog
 u - 2 scrolls of fear
 v - a scroll of recharging
Potions
 c - a potion of invisibility
 d - a potion of brilliance
 e - 6 potions of curing
 i - 4 potions of magic
 j - a potion of berserk rage
Comestibles
 f - a bread ration


   Skills:
 + Level 13.8 Fighting
 + Level 13.7 Polearms
 + Level 11.9 Armour
   Level 2.4 Shields


You had 9 spell levels left.
You didn't know any spells.

Dungeon Overview and Level Annotations

Branches:
Dungeon (1/1)

Altars:
Cheibriados
Dithmenos
Elyvilon
Fedhas
Gozag
Hepliaklqana
Kikubaaqudgha
Makhleb
Nemelex Xobeh
Okawaru
Qazlal
Ru
Sif Muna
Trog
Uskayaw
Vehumet
Wu Jian
Xom
Yredelemnul
Zin
The Shining One
Beogh
Jiyva
Lugonu

Shops:
D [


Innate Abilities, Weirdness & Mutations

You cannot wear boots.
Your serpentine skin is tough. (AC +3)
You have supernaturally acute eyesight. (SInv)
Armour fits poorly on your strangely shaped body.
Your system is resistant to poisons. (rPois)
You cover ground very slowly.
You have a slow metabolism.
You can spit poison.


Message History

The bullfrog gives a loud, deep croak!
You hit the spiny frog but do no damage.
The spiny frog stings you!
* * * LOW HITPOINT WARNING * * *
You slash the spiny frog!
The spiny frog is moderately wounded.
You feel sick. The spiny frog barely misses you.
The spiny frog stings you but does no damage.
You barely miss the spiny frog.
The spiny frog is moderately wounded.
The spiny frog stings you!
* * * LOW HITPOINT WARNING * * *
You slash the spiny frog!
The spiny frog is severely wounded.
The bullfrog is no longer distracted by gold.
The spiny frog stings you!
* * * LOW HITPOINT WARNING * * *
The spiny frog stings you.
You die...
Your body crumbles into a pile of gold.

$
▓.▓.▓_▓
$
▓∩▓.▓_▓
$
▓.▓.▓_▓
$
▓.▓.▓_▓
$
▓.▓.▓_▓
$
▓.▓.▓_▓
$
▓$▓.▓_▓
▓$▓.▓_▓
$
▓@▓.▓'▓
$
▓F▓.▓.▓
$
▓F▓.▓.▓
$
▓.▓.▓|▓
$
▓.▓.▓/▓
▓.▓.▓.▓
$
▓.▓.▓[▓
▓.▓.▓[▓
$ ▓.▓.▓


You could see a spiny frog and a bullfrog.

Vanquished Creatures
  2 black mambas (D)
  3 spiny frogs (D)
  2 komodo dragons (D)
  2 blink frogs (D)
  A tyrant leech (D)
  A wraith (D)
  A vampire mosquito (D)
  3 water moccasins (D)
  A porcupine (D)
  2 orc warriors (D)
  A necrophage (D)
  A sky beast (D)
  4 crocodiles (D)
  7 bullfrogs (D)
  A jelly (D)
  2 iguanas (D)
  A shadow imp (D)
  An adder skeleton (D)
  2 orcs (D)
  2 giant cockroaches (D)
  2 quokkas (D)
  3 bats (D)
  A rat (D)
46 creatures vanquished.

Vanquished Creatures (others)
  A spatial maelstrom (D)
1 creature vanquished.

Grand Total: 47 creatures vanquished

Notes
Turn   | Place    | Note
-------+----------+-------------------------------------------
     0 | D        | potatolord6000 the Naga Fighter began the quest for the Orb.
     0 | D        | Reached XP level 1. HP: 21/21 MP: 1/1
     3 | D        | Banished a spatial maelstrom
    81 | D        | Noticed an iguana
    85 | D        | Reached XP level 2. HP: 20/30 MP: 2/2
    97 | D        | Reached XP level 3. HP: 27/38 MP: 3/3
   114 | D        | Found a roughly hewn altar of Beogh.
   114 | D        | Found a snail-covered altar of Cheibriados.
   114 | D        | Found a shadowy altar of Dithmenos.
   114 | D        | Found a white marble altar of Elyvilon.
   114 | D        | Found a blossoming altar of Fedhas.
   114 | D        | Found an opulent altar of Gozag.
   115 | D        | Found a hazy altar of Hepliaklqana.
   116 | D        | Found a viscous altar of Jiyva.
   117 | D        | Found an ancient bone altar of Kikubaaqudgha.
   118 | D        | Found a corrupted altar of Lugonu.
   119 | D        | Found a burning altar of Makhleb.
   120 | D        | Found a sparkling altar of Nemelex Xobeh.
   121 | D        | Found an iron altar of Okawaru.
   122 | D        | Became a worshipper of Gozag Ym Sagoz the Greedy
   123 | D        | Found a stormy altar of Qazlal.
   124 | D        | Found a sacrificial altar of Ru.
   125 | D        | Found a deep blue altar of Sif Muna.
   126 | D        | Found a bloodstained altar of Trog.
   127 | D        | Found a hide-covered altar of Uskayaw.
   128 | D        | Found a radiant altar of Vehumet.
   129 | D        | Found an ornate altar of the Wu Jian Council.
   130 | D        | Found a shimmering altar of Xom.
   131 | D        | Found a basalt altar of Yredelemnul.
   132 | D        | Found a glowing silver altar of Zin.
   133 | D        | Found a glowing golden altar of the Shining One.
   185 | D        | Noticed a bullfrog
   185 | D        | Noticed an orc warrior
   188 | D        | Reached skill level 5 in Fighting
   188 | D        | Reached XP level 4. HP: 41/46 MP: 4/4
   196 | D        | Killed a bullfrog
   196 | D        | Reached skill level 5 in Polearms
   196 | D        | Reached skill level 5 in Armour
   196 | D        | Reached XP level 5. HP: 23/56 MP: 5/5
   203 | D        | Killed an orc warrior
   203 | D        | Reached XP level 6. HP: 50/66 MP: 6/6
   275 | D        | Noticed a sky beast
   275 | D        | Noticed an orc warrior
   275 | D        | Noticed a necrophage
   275 | D        | Noticed a wraith
   277 | D        | Killed a sky beast
   281 | D        | Killed an orc warrior
   284 | D        | Reached XP level 7. HP: 67/75 MP: 7/7
   301 | D        | Killed a wraith
   301 | D        | Reached skill level 10 in Fighting
   426 | D        | Noticed a komodo dragon
   426 | D        | Noticed a black mamba
   426 | D        | Noticed a black mamba
   429 | D        | Noticed a spiny frog
   430 | D        | Killed a komodo dragon
   430 | D        | Reached skill level 10 in Polearms
   430 | D        | Reached XP level 8. HP: 59/86 MP: 8/8
   434 | D        | Killed a black mamba
   448 | D        | Killed a black mamba
   448 | D        | Reached skill level 10 in Armour
   448 | D        | Reached XP level 9. HP: 32/97 MP: 9/9
   451 | D        | Killed a spiny frog
   669 | D        | Noticed a spiny frog
   669 | D        | Noticed a komodo dragon
   685 | D        | Killed a spiny frog
   693 | D        | Killed a komodo dragon
   697 | D        | Reached XP level 10. HP: 25/110 MP: 10/10
  1082 | D        | Bought a scorched cloak for 313 gold pieces
  1082 | D        | Bought a runed plate armour for 858 gold pieces
  1087 | D        | Identified the +1 cloak of the Tired Cities {Int+4} (You bought it in a shop in the Dungeon)
  1108 | D        | Noticed a spiny frog
  1112 | D        | Noticed a spiny frog
  1116 | D        | Killed a spiny frog
  1147 | D        | HP: 3/111 [spiny frog (9)]
  1147 | D        | Slain by a spiny frog

Vault maps used:
D:        linesprint

Skill      XL: |  1  2  3  4  5  6  7  8  9 |
---------------+----------------------------+-----
Polearms       | 3 4 5 7 8 10 11 13 | 13.7
Armour         | 3 4 5 6 7 9 10 11 | 11.9
Fighting       | 4 5 6 7 8 10 11 13 | 13.8
Shields        | |  2.4

Action                   |  1- 3 |  4- 6 |  7- 9 | 10-12 || total
-------------------------+-------+-------+-------+-------++-------
Melee: Trident           |    38 |       |       |       ||    38
       Halberd           |     3 |    22 |    67 |    41 ||   133
Invok: Call Merchant     |       |       |       |     1 ||     1
  Use: Potion            |     1 |     3 |     3 |     1 ||     8
       Scroll            |       |       |     2 |       ||     2
 Stab: Distracted        |       |     3 |     1 |       ||     4
Armor: Scale mail        |    16 |       |       |       ||    16
       Chain mail        |       |     5 |    25 |     2 ||    32
       Plate armour      |       |       |       |    14 ||    14
Dodge: Dodged            |    11 |     8 |    27 |    17 ||    63
